 Dungeon Crawl Stone Soup version 0.20-a0-830-g2c9a30d (webtiles) character file.

7 4thArraOfDagon the Sneak (level 1, 2/9 HPs)
             Began as a Felid Wanderer on Mar 6, 2017.
             Quit the game on level 4 of the Dungeon.
             The game lasted 00:01:17 (188 turns).

4thArraOfDagon the Sneak (Felid Wanderer)            Turns: 188, Time: 00:01:18

Health: 2/9        AC:  1    Str:  4    XL:     1   Next: 91%
Magic:  2/2        EV: 16    Int: 13    God:
Gold:   0          SH:  0    Dex: 19    Spells: 0/0 levels left
                                        Lives:  0   Deaths: 0

rFire    . . .     SeeInvis +     - Unarmed
rCold    . . .     Gourm    .   (armour unavailable)
rNeg     . . .     Faith    .   (shield unavailable)
rPois    .         Spirit   .   (helmet unavailable)
rElec    .         Reflect  .   (cloak unavailable)
rCorr    .         Harm     .   (gloves unavailable)
MR       .....                  (boots unavailable)
Stlth    +++.......             (no amulet)
Regen    0.1/turn               (no ring)
MPRegen  0.1/turn               (no ring)

@: lethally poisoned (2 -> -7), quick
A: no armour, no weapons or thrown items, stealth, claws 1, fangs 3, see
invisible, carnivore 3, speed 1, shaggy fur 1, slow metabolism 1, sharp paws
a: no special abilities


You were on level 4 of the Dungeon.
You were full.

You visited 1 branch of the dungeon, and saw 4 of its levels.

Inventory:

Scrolls
 a - 2 scrolls of blinking
 f - a scroll of amnesia {unknown}
Books
 b - Orarr's Tome of Poison

   Spells                             Type                      Level
   a - Sting                          Conjuration/Poison           1
   b - Ignite Poison                  Fire/Transmutation/Poison    3
Comestibles
 d - a meat ration


   Skills:
 - Level 2.1 Fighting
 + Level 0.6 Dodging
 - Level 4.0 Stealth
 * Level 1.7 Unarmed Combat
   Level 1.7 Ice Magic
   Level 1.0 Earth Magic
   Level 1.1 Evocations


You couldn't memorise any spells.
You didn't know any spells.

Dungeon Overview and Level Annotations

Branches:
Dungeon (4/15)
 Temple: D:4-7

Altars:


Innate Abilities, Weirdness & Mutations

You cannot wear armour.
You are incapable of wielding weapons or throwing items.
Your paws allow you to move quietly. (Stealth)
You have sharp claws.
You have razor-sharp teeth.
You have supernaturally acute eyesight. (SInv)
You are carnivorous and can eat meat at any time.
You cover ground quickly.
You are covered in fur. (AC +1)
You have a slow metabolism.
Your sharp claws are effective at attacking unaware monsters.


Message History

You feel sick. The leopard gecko barely misses you.
The adder completely misses you.
Unknown command.
You feel better.
You feel less invigorated. The leopard gecko bites you.
Ouch! That really hurt!
The adder barely misses you.
Unknown command.
Unknown command.
Unknown command.
The gnoll shouts!
Unknown command.
The adder bites you.
You are lethally poisoned!
The adder poisons you!
Unknown command.
* * * LOW HITPOINT WARNING * * *
You feel sick.
Unknown command.
Unknown command.
Are you sure you want to abandon this character and quit the game? (Confirm with "yes".)

?..........###### ##.#
...([.>.g.g#########..#..
.......>.g..............#
.............#######..###
####..##......# #..# 8..
#g...#...# ...# ##.#
#....###...###.# ..
#lS..#.....%##.. #@.....#
##.# .## #....### # .#
#..### ..## ... ##.# ...
..#


You could see a gnoll sergeant, 3 gnolls, an adder and a leopard gecko.

Vanquished Creatures
  A leopard gecko (D:3)
  A bat (D:1)
  A giant cockroach (D:2)
  A goblin (D:2)
  A quokka (D:2)
5 creatures vanquished.

Notes
Turn   | Place    | Note
-------+----------+-------------------------------------------
     0 | D:1      | 4thArraOfDagon the Felid Wanderer began the quest for the Orb.
     0 | D:1      | 4thArraOfDagon set off with: 2 scrolls of blinking, Orarr's Tome of Poison, a potion of curing, a meat ration
     0 | D:1      | Reached XP level 1. HP: 9/9 MP: 2/2
     0 | D:1      | Identified Orarr's Tome of Poison
   146 | D:4      | Noticed a gnoll sergeant
   188 | D:4      | Quit the game

Vault maps used:
D:1:      dpeg_arrival_boxes_within_box, st_stairs_13, minmay_crystal_room,
          serial_bayou_crossing
D:2:      old_standard_altar, kennysheep_boxes
D:3:      minmay_door_path, lemuel_doored_altar, first_bread, led_xom_imps
D:4:      lemuel_statue_altar

Action                   || total
-------------------------++-------
Melee: Unarmed           ||    11
       Bite              ||     1
  Use: Potion            ||     2
       Scroll            ||     1
 Stab: Sleeping          ||     4
  Eat: Chunk             ||     3
Armor: Skin              ||     4
Dodge: Dodged            ||    16
